 Dungeon Crawl Stone Soup version 0.19-a0-1712-gff403d4 (webtiles) character file.

143 Psiweapon the Bolt Thrower (level 5, -1/30 HPs)
             Began as a Kobold Hunter on Sept 28, 2016.
             Slain by an ogre
             ... wielding a +0 giant spiked club
              (23 damage)
             ... on level 5 of the Dungeon.
             The game lasted 00:10:52 (2403 turns).

Psiweapon the Bolt Thrower (Kobold Hunter)          Turns: 2403, Time: 00:10:52

Health: -1/30      AC: 15    Str:  9    XL:     5   Next: 50%
Magic:  14/14      EV: 11    Int: 12    God:
Gold:   165        SH:  0    Dex: 17    Spells: 0 memorised, 4 levels left

rFire  . . .     SeeInvis .     b - +2 short sword (protect)
rCold  . . .     Gourm    .     l - +0 scale mail
rNeg   . . .     Faith    .     (shield restricted)
rPois  .         Spirit   .     j - +0 helmet
rElec  .         Dismiss  .     (no cloak)
rCorr  .         Reflect  .     (no gloves)
MR     .....     Harm     .     (no boots)
Stlth  +.........               (no amulet)
                                (no ring)
                                o - ring of magical power

@: protection aura
A: carnivore 3
a: no special abilities


You were on level 5 of the Dungeon.
You were completely stuffed.

You visited 1 branch of the dungeon, and saw 7 of its levels.

You collected 165 gold pieces.

Inventory:

Hand Weapons
 a - a +1 hand crossbow
 b - a +2 short sword of protection (weapon)
 m - a +0 short sword
 x - a +0 hunting sling
 y - a cursed -1 hunting sling
 B - a +3 mace of draining
Missiles
 d - 14 bolts
 n - 18 sling bullets
Armour
 c - a +0 leather armour
 j - a +0 helmet (worn)
 l - a +0 scale mail (worn)
Jewellery
 o - a ring of magical power (left hand)
 s - an uncursed amulet of faith {unknown}
Wands
 D - a wand of flame (28/48)
Scrolls
 e - 4 scrolls of enchant armour {unknown}
 g - 4 scrolls of amnesia {unknown}
 h - 4 scrolls of remove curse {unknown}
 p - a scroll of magic mapping {unknown}
 q - 4 scrolls of identify {unknown}
 A - a scroll of teleportation {unknown}
Potions
 i - a potion of mutation {unknown}
 k - a potion of lignification {unknown}
 r - 2 potions of curing {unknown}
 v - 2 potions of heal wounds {unknown}
 w - a potion of degeneration {unknown}
 z - a potion of agility
 C - a potion of ambrosia {unknown}
Comestibles
 f - 5 meat rations
 t - a beef jerky
 u - a chunk of flesh


   Skills:
 - Level 2.1 Fighting
 + Level 1.3 Short Blades
 - Level 7.3 Crossbows
 - Level 2.4 Dodging
 + Level 2.3 Stealth


You had 4 spell levels left.
You didn't know any spells.

Dungeon Overview and Level Annotations

Branches:
Dungeon (7/15)
 Temple: D:4-7

Altars:


Innate Abilities, Weirdness & Mutations

You are small and have problems with some larger weapons.
You are carnivorous and can eat meat at any time.


Message History

You hit the ogre.
Your weapon exudes an aura of protection.
The ogre is moderately wounded.
The ogre barely misses you.
You hit the ogre.
The ogre is moderately wounded.
The ogre barely misses you.
You hit the ogre.
The ogre is heavily wounded.
The ogre barely misses you.
You barely miss the ogre.
The ogre is heavily wounded.
You puncture the ogre!
The ogre is severely wounded.
The ogre hits you with a giant spiked club.
You hit the ogre.
The ogre is severely wounded.
The ogre hits you with a giant spiked club!!
Ouch! That really hurt!
You die...

...# ###########.# ##.#
#####.# #.# #.....# #.#
#.##### #.# #.# #.# #.#
#.# #.# ##.# #.# #..# #@#
#.## #.O......### ## #.#
#####...##.. .. #.#
#.###.# .# #.# #.# #.# ..#
#.# #.# #.##..# #.#
##.###.....# #.#
######...##..#..##. #.#
########..................


You could see an ogre.

Vanquished Creatures
  A worker ant (D:5)
  A hound zombie (D:3)
  4 adders
  An adder skeleton (D:3)
  2 worms
  2 dart slugs
  2 orcs
  2 ball pythons (D:2)
  10 bats
  5 giant cockroaches
  3 goblins
  4 hobgoblins
  3 jackals
  7 kobolds
  A quokka (D:3)
  A frilled lizard (D:2)
  A jackal zombie (D:6)
  6 rats
56 creatures vanquished.

Notes
Turn   | Place    | Note
-------+----------+-------------------------------------------
     0 | D:1      | Psiweapon the Kobold Hunter began the quest for the Orb.
     0 | D:1      | Reached XP level 1. HP: 12/12 MP: 1/1
    44 | D:2      | Reached skill level 5 in Crossbows
   211 | D:1      | Reached XP level 2. HP: 12/17 MP: 2/2
   313 | D:2      | Reached XP level 3. HP: 21/21 MP: 3/3
   598 | D:1      | Reached skill level 6 in Crossbows
  1054 | D:2      | Reached XP level 4. HP: 26/26 MP: 4/4
  1886 | D:2      | Reached skill level 7 in Crossbows
  1976 | D:3      | Reached XP level 5. HP: 28/30 MP: 5/5
  2221 | D:5      | Entered Level 5 of the Dungeon
  2249 | D:7      | Noticed a centaur
  2390 | D:5      | Reached skill level 1 in Short Blades
  2396 | D:5      | Noticed an ogre
  2403 | D:5      | Slain by an ogre

Vault maps used:
D:1:      grunt_arrival_lava_bath, serial_forest, infiniplex_forest_3_way,
          infiniplex_forest_straight_3, infiniplex_forest_lined_room_2,
          infiniplex_forest_clump_long, infiniplex_forest_corner_1,
          infiniplex_forest_zigzag_1, infiniplex_forest_clump_large,
          infiniplex_forest_end_2
D:2:      minmay_cut_off
D:3:      first_bread
D:4:      old_standard_altar, kennysheep_mini_moat, chei_slow_surprise,
          uniq_pikel
D:5:      gammafunk_temple_overflow_forgotten, nicolae_overflow_crystal_walls,
          nicolae_ossuary_entry_giza
D:6:      minmay_cornered_nines, eat_drink_and_be_merry_uskayaw,
          kennysheep_another_room
D:7:      st_stairs_12, the_bakery, nemelex_altar_shiori,
          uniq_crazy_yiuf_cottage

Skill      XL: |  1  2  3  4  5 |
---------------+----------------+-----
Crossbows      | 5 6 7 |  7.3
Short Blades   | 1 |  1.3
Stealth        | 2 |  2.3
Fighting       | |  2.1
Dodging        | |  2.4

Action                   |  1- 3 |  4- 6 || total
-------------------------+-------+-------++-------
Melee: Short sword       |   105 |   131 ||   236
 Fire: Hand crossbow     |    15 |    11 ||    26
Evoke: Wand              |       |     1 ||     1
  Eat: Chunk             |     9 |     4 ||    13
Armor: Scale mail        |    30 |    57 ||    87
       Leather armour    |     2 |       ||     2
       Skin              |     1 |       ||     1
Dodge: Dodged            |    41 |    89 ||   130
